 Dungeon Crawl Stone Soup version 0.29.1-15-g9cfb28693d (webtiles) character file.

Game seed: 1087845619597859683

4562 raph the Geomancer (level 10, -5/56 HPs)
             Began as a Deep Elf Earth Elementalist on Mar 4, 2023.
             Was a Believer of Kikubaaqudgha.
             Slain by a yak (7 damage)
             ... while petrified by a basilisk
             ... on level 1 of the Lair of Beasts.
             The game lasted 00:16:05 (9183 turns).

raph the Geomancer (Deep Elf Earth Elementalist)    Turns: 9183, Time: 00:16:05

Health: -5/56      AC:  5    Str:  5    XL:     10   Next: 18%
Magic:  15/21      EV:  2    Int: 31    God:    Kikubaaqudgha [**....]
Gold:   58         SH:  0    Dex: 15    Spells: 0/21 levels left

rFire   . . .      SeeInvis .   i - +4 short sword
rCold   + . .      Faith    .   (no shield)
rNeg    + + +      Spirit   .   E - +2 robe {Archmagi}
rPois   ∞          Reflect  .   I - +0 helmet "Fosesoif" {rC+}
rElec   .          Harm     .   (no cloak)
rCorr   .          Rampage  .   (no gloves)
Will    +....      Archmagi +   (no boots)
Stlth   ++........              t - amulet of magic regeneration
HPRegen 0.18/turn               n - +6 ring of intelligence
MPRegen 0.57/turn               (no ring)

@: petrified, studying Axes
A: no striking features
a: Renounce Religion, Unearth Wretches


You were on level 1 of the Lair of Beasts.
You worshipped Kikubaaqudgha.
Kikubaaqudgha was pleased with you.
You visited 2 branches of the dungeon, and saw 9 of its levels.

You collected 514 gold pieces.
You spent 456 gold pieces at shops.

Inventory:

Hand Weapons
 f - a +0 dagger
 i - a +4 short sword (weapon)
 F - a +0 scimitar
Missiles
 e - 24 poisoned darts
 z - a throwing net
Armour
 a - a +0 robe
 p - a +2 helmet
 E - a +2 robe of the Archmagi (worn)
 I - the +0 helmet "Fosesoif" (worn) {rC+}
   (You found it on level 8 of the Dungeon)

   rC:        It protects you from cold.
Jewellery
 n - a +6 ring of intelligence (left hand)
 t - an amulet of magic regeneration (around neck)
 v - a +6 ring of intelligence
 w - an amulet of the acrobat
 B - a ring of magical power
Wands
 m - a wand of flame (20)
 C - a wand of paralysis (7)
 L - a wand of roots (6)
Scrolls
 c - 4 scrolls of teleportation
 d - 2 scrolls of amnesia
 l - 3 scrolls of vulnerability
 s - a scroll of poison
 x - 3 scrolls of magic mapping
 y - 2 scrolls of summoning
 A - a scroll of butterflies
 H - a scroll of immolation {unknown}
Potions
 b - 2 potions of magic
 g - a potion of ambrosia {unknown}
 h - a potion of heal wounds {unknown}
 j - 3 potions of haste
 k - 2 potions of mutation
 o - a potion of cancellation
 q - 3 potions of curing
 r - 2 potions of might {unknown}
 u - a potion of flight {unknown}
 D - a potion of lignification {unknown}
 G - a potion of berserk rage
 J - a potion of resistance {unknown}
Miscellaneous
 K - a lightning rod (4/4)


   Skills:
 + Level 3.4 Fighting
 + Level 5.8 Dodging
 - Level 2.4 Stealth
 + Level 6.3 Spellcasting
 - Level 8.6 Conjurations
 * Level 5.9 Necromancy
 - Level 1.1 Transmutations
 + Level 10.1 Earth Magic


You couldn't memorise any spells.
You knew the following spells:

 Your Spells              Type           Power      Damage    Failure   Level
a - Sandblast             Erth           100%       2d20      1%          1
b - Passwall              Tmut/Erth      50%        N/A       1%          2
c - Stone Arrow           Conj/Erth      100%       3d13      1%          3
d - Dazzling Flash        Conj/Hex       100%       N/A       2%          3
e - Vampiric Draining     Necr           63%        2d10      1%          3
f - Borgnjor's Vile Clut  Necr/Erth      37%        N/A       4%          5
g - Anguish               Hex/Necr       21%        N/A       14%         4

Your spell library contained the following spells:

 Spells                   Type           Power      Damage    Failure   Level
 Necrotise                Necr           100%       1d9       1%          1
 Sublimation of Blood     Necr           63%        N/A       1%          2
 Slow                     Hex            56%        N/A       4%          1
 Petrify                  Tmut/Erth      61%        N/A       4%          4
 Hailstorm                Conj/Ice       53%        3d12      8%          4
 Agony                    Necr           63%        N/A       12%         5
 Confusing Touch          Hex            14%        N/A       14%         3
 Irradiate                Conj/Tmut      28%        3d21      19%         5
 Ice Form                 Ice/Tmut       19%        N/A       36%         4
 Alistair's Intoxication  Tmut/Pois      12%        N/A       71%         5
 Silence                  Hex/Air        7%         N/A       78%         5
 Simulacrum               Ice/Necr       21%        N/A       91%         6
 Eringya's Noxious Bog    Tmut/Pois      9%         N/A       99%         6


Dungeon Overview and Level Annotations

Branches:
Dungeon (8/15)             Temple (0/1) D:7            Lair (1/5) D:8

Altars:
Hepliaklqana
Kikubaaqudgha
Okawaru
The Shining One

Shops:
D:6 :

Portals:
Abyss: D:7

Annotations:
D:7 2 transporters, ponobo's ghost, novice GnFE
D:8 2 transporters, gargbit's ghost, novice TrFi


Message History

Press: ? - help, Dir - look around, f - activate You feel a surge of power!
The basilisk is haunted by guilt!
The yak is haunted by guilt! x3; You have turned to stone.
A yak comes into view.
The yak gores you!
The yak is wracked by anguish.
The basilisk gazes at you.
You easily resist.
A yak comes into view.
The yak gores you.
The yak is wracked by anguish.
The basilisk gazes at you. The yak gores you.
The yak is wracked by anguish.
The yak gores you.
The yak is wracked by anguish.
The basilisk bites you but does no damage.
The yak bellows! x2
The yak gores you!
The yak is wracked by anguish!
The basilisk bites you!
The basilisk is wracked by anguish.
The yak gores you!
The yak is wracked by anguish!
The yak gores you but does no damage. The yak gores you!
The yak is wracked by anguish.
The basilisk gazes at you. The yak gores you.
The yak is wracked by anguish.
The yak gores you but does no damage. The basilisk bites you!
The basilisk is wracked by anguish.
The basilisk dies!
Kikubaaqudgha accepts your kill. The yak gores you!
* * * LOW HITPOINT WARNING * * *
The yak is wracked by anguish.
The yak gores you!
* * * LOW HITPOINT WARNING * * *
The yak is wracked by anguish.
The yak gores you!
* * * LOW HITPOINT WARNING * * *
The yak is wracked by anguish.
The yak gores you.
* * * LOW HITPOINT WARNING * * *
The yak is wracked by anguish.
The yak gores you!
* * * LOW HITPOINT WARNING * * *
The yak is wracked by anguish.
The yak gores you!
You die...
Kikubaaqudgha rasps: "You have failed me!
Welcome... oblivion!"

........# #.....#
........# #.....#
........###.....##
#...##...........# .
#...# #..........# ..
#...# #..........##
... #...#
#......[....# ..
#...###....###...##.#
..####P....# #..@Y..#
.### #.....# #..YY..#
...####....#
#..YY...#
###.......##
#.Y....## ##.......##
##.....# ##.........#
#.....# ##.##.#...##
#.....# .#####....#
#.....# #######...#
#......


You could see 6 yaks.

Vanquished Creatures
  Grinder (D:3)
  3 yaks (D:6)
  A steam dragon (D:8)
  2 orc warriors (D:8)
  3 black bears
  An ogre (D:4)
  4 wolves (Lair:1)
  2 kobold brigands
  3 bullfrogs
  4 necrophages
  3 scorpions
  3 wights (D:7)
  11 killer bees (D:8)
  2 howler monkeys
  4 hounds
  5 orc priests
  A gnoll bouda (D:7)
  5 iguanas
  18 orc wizards
  Robin (D:2)
  5 gnolls
  7 adders
  2 shadow imps (D:7)
  An ufetubus (D:5)
  3 worms
  2 dart slugs
  25 orcs
  6 ball pythons
  3 bats
  5 endoplasms
  3 giant cockroaches
  15 goblins
  8 hobgoblins
  3 quokkas
  2 frilled lizards (D:1)
  13 kobolds
  A rat (D:2)
181 creatures vanquished.

Vanquished Creatures (collateral kills)
  An ice beast (D:7)
  A kobold (D:7)
2 creatures vanquished.

Vanquished Creatures (others)
  A basilisk (Lair:1)
  A wolf (Lair:1)
  A fungus (D:8)
  5 plants
8 creatures vanquished.

Grand Total: 191 creatures vanquished

Notes
Turn   | Place    | Note
-------+----------+-------------------------------------------
     0 | D:1      | raph the Deep Elf Earth Elementalist began the quest for
                  | the Orb.
     0 | D:1      | Reached XP level 1. HP: 10/10 MP: 6/6
   441 | D:1      | Reached skill level 4 in Earth Magic
   441 | D:1      | Reached XP level 2. HP: 15/15 MP: 5/8
   531 | D:1      | Found a faded altar of an unknown god.
   533 | D:1      | You fall into a shaft and drop 1 floor!
   818 | D:2      | Noticed Robin
   821 | D:2      | Killed Robin
  1132 | D:2      | Reached XP level 3. HP: 19/19 MP: 7/9
  1135 | D:2      | Learned a level 2 spell: Passwall
  1139 | D:2      | Learned a level 3 spell: Stone Arrow
  1514 | D:2      | Reached skill level 1 in Conjurations
  1847 | D:2      | Reached skill level 5 in Earth Magic
  1961 | D:3      | Reached XP level 4. HP: 15/24 MP: 4/10
  2188 | D:3      | Learned a level 3 spell: Dazzling Flash
  2760 | D:3      | Noticed Grinder
  2768 | D:3      | Killed Grinder
  2769 | D:3      | Reached skill level 6 in Earth Magic
  2769 | D:3      | Reached XP level 5. HP: 28/28 MP: 7/11
  2769 | D:3      | Reached XP level 6. HP: 32/32 MP: 7/12
  2945 | D:3      | Found a faded altar of an unknown god.
  2945 | D:3      | Found a faded altar of an unknown god.
  2945 | D:3      | Found a faded altar of an unknown god.
  2947 | D:3      | Found a hazy altar of Hepliaklqana.
  3864 | D:4      | Reached skill level 7 in Earth Magic
  3867 | D:4      | Reached XP level 7. HP: 36/36 MP: 2/13
  4082 | D:5      | Entered Level 5 of the Dungeon
  4104 | D:5      | Reached skill level 5 in Conjurations
  4298 | D:5      | Learned a level 3 spell: Vampiric Draining
  4393 | D:5      | Found a glowing golden altar of the Shining One.
  4395 | D:5      | Found an ancient bone altar of Kikubaaqudgha.
  4397 | D:5      | Found an iron altar of Okawaru.
  4403 | D:5      | Became a worshipper of Kikubaaqudgha
  4585 | D:5      | Reached skill level 1 in Necromancy
  5236 | D:6      | Reached skill level 1 in Fighting
  5236 | D:6      | Reached XP level 8. HP: 43/43 MP: 9/15
  5283 | D:6      | Reached skill level 8 in Earth Magic
  5325 | D:6      | Found Nuah's Book Shoppe.
  5833 | D:6      | Reached * piety under Kikubaaqudgha
  5833 | D:6      | Received a gift from Kikubaaqudgha
  5920 | D:6      | Learned a level 1 spell: Necrotise
  6051 | D:7      | Found a staircase to the Ecumenical Temple.
  6212 | D:6      | HP: 2/44 [yak (13)]
  6214 | D:6      | Reached XP level 9. HP: 3/48 MP: 0/18
  6633 | D:7      | Reached skill level 9 in Earth Magic
  6663 | D:7      | Found a transporter.
  6709 | D:7      | Reached skill level 5 in Spellcasting
  6915 | D:7      | Found a transporter.
  7199 | D:7      | Found a one-way gate to the infinite horrors of the Abyss.
  7199 | D:7      | Noticed ponobo's ghost (novice GnFE)
  7342 | D:8      | Reached ** piety under Kikubaaqudgha
  7522 | D:8      | Reached skill level 5 in Dodging
  7542 | D:8      | Found a transporter.
  7551 | D:8      | Noticed a red ugly thing
  7553 | D:8      | Noticed a komodo dragon
  7556 | D:8      | Identified the +7 rapier of Ecvoorym {spect, rN+ Dex+2}
  7570 | D:8      | Noticed gargbit's ghost (novice TrFi)
  7749 | D:8      | Found a staircase to the Lair.
  7888 | D:8      | Found a transporter.
  7898 | D:8      | Reached skill level 5 in Necromancy
  8112 | D:8      | Identified the +0 helmet "Fosesoif" {rC+}
  8410 | D:8      | Reached XP level 10. HP: 52/56 MP: 10/21
  8470 | Lair:1   | Entered Level 1 of the Lair of Beasts
  8476 | Lair:1   | Learned a level 4 spell: Anguish
  8657 | D:6      | Bought Great Wizards, Vol. II for 456 gold pieces
  8664 | D:6      | Learned a level 5 spell: Borgnjor's Vile Clutch
  8778 | Lair:1   | Reached skill level 10 in Earth Magic
  9183 | Lair:1   | HP: 2/56 [yak (4)]
  9183 | Lair:1   | Slain by a yak

Illustrated notes

Levels and vault maps discovered:
D:1:      dpeg_arrival_boxes_within_box, layout_basic,
          ebering_ecumenical_altar_abandoned
D:2:      layout_loops_ring, uniq_robin
D:3:      layout_basic, nicolae_hepliaklqana_ecumenical_no_more, uniq_grinder
D:4:      layout_loops_ring
D:5:      layout_basic, grunt_temple_overflow_open
D:6:      layout_loops_ring, serial_shops, shop
D:7:      layout_cave_pools, minmay_temple_entry_large_hall, enter_bailey_2,
          gammafunk_ghost_abyssal_escape, minmay_manual_monstrance
D:8:      layout_basic, dpeg_oklobed_lair, nzn_ghost_randoct, feat_on_display
Lair:1:   layout_cellular_growth

Skill      XL: |  1  2  3  4  5  6  7  8  9 10 |
---------------+-------------------------------+-----
Earth Magic    | 4 5 6 7 8 9 10 | 10.1
Conjurations   | 1 4 6 7 8 |  8.6
Necromancy     | 1 3 5 |  5.9
Fighting       | 1 2 3 |  3.4
Dodging        | 3 4 5 |  5.8
Spellcasting   | 4 6 |  6.3
Stealth        | |  2.4
Transmutations | |  1.1

Action                   |  1- 3 |  4- 6 |  7- 9 | 10-12 || total
-------------------------+-------+-------+-------+-------++-------
Melee: Short sword       |     1 |       |    34 |     5 ||    40
       Punch             |       |       |     1 |       ||     1
 Cast: Sandblast         |    51 |    11 |    40 |     1 ||   103
       Stone Arrow       |       |    35 |   117 |     3 ||   155
       Necrotise         |       |       |    27 |       ||    27
       Passwall          |       |       |     1 |       ||     1
       Dazzling Flash    |       |       |     2 |       ||     2
       Borgnjor's Vile C |       |       |       |     7 ||     7
       Anguish           |       |       |       |     2 ||     2
  Use: Scroll            |       |    16 |     3 |     1 ||    20
 Stab: Invisible         |       |       |     1 |       ||     1
Armor: Robe              |     6 |       |    27 |     4 ||    37
Dodge: Dodged            |    13 |     3 |    77 |     4 ||    97
